 Dungeon Crawl Stone Soup version 0.29-a0-512-gf59ac788ac (webtiles) character file.

Game seed: 7436576867952602381

14 ytrimaz the Skirmisher (level 2, 24/24 HPs)
             Began as a Demonspawn Fighter on May 29, 2022.
             Quit the game on level 1 of the Dungeon.
             The game lasted 00:01:12 (268 turns).

ytrimaz the Skirmisher (Demonspawn Fighter)          Turns: 268, Time: 00:01:12

Health: 24/24      AC:  9    Str: 16    XL:     2   Next: 27%
Magic:  2/2        EV:  8    Int:  9    God:
Gold:   16         SH:  4    Dex: 12    Spells: 1/1 levels left

rFire   . . .      SeeInvis .   a - +0 rapier
rCold   . . .      Faith    .   c - +0 buckler
rNeg    . . .      Spirit   .   b - +0 scale mail
rPois   .          Reflect  .   (no helmet)
rElec   .          Harm     .   (no cloak)
rCorr   .          Rampage  .   g - +0 pair of gloves
Will    .....                   h - +0 pair of boots
Stlth   ..........              (no amulet)
HPRegen 0.08/turn               (no ring)
MPRegen 0.08/turn               (no ring)

@: no status effects
A: foul stench 1
a: no special abilities


You were on level 1 of the Dungeon.
You visited 1 branch of the dungeon, and saw 1 of its levels.

You collected 16 gold pieces.

Inventory:

Hand Weapons
 a - a +0 rapier (weapon)
Missiles
 j - 4 boomerangs (quivered)
Armour
 b - a +0 scale mail (worn)
 c - a +0 buckler (worn)
 g - a +0 pair of gloves (worn)
 h - a +0 pair of boots (worn)
Scrolls
 e - a scroll of identify {unknown}
 f - 2 scrolls of acquirement {unknown}
Potions
 d - a potion of might
 i - a potion of brilliance {unknown}


   Skills:
 + Level 3.2 Fighting
 + Level 2.0 Short Blades
 + Level 2.9 Armour
 + Level 2.9 Shields


You had one spell level left.
You didn't know any spells.
Your spell library was empty.

Dungeon Overview and Level Annotations

Branches:
Dungeon (1/15)

Altars:

Annotations:
D:1 1 runed translucent door


Innate Abilities, Weirdness & Mutations

You may rarely emit foul miasma when damaged in melee.


Message History

A quokka comes into view.
A quokka is nearby!
A quokka is nearby!
The quokka closely misses you.
The quokka bites you but does no damage.
You hit the quokka.
You kill the quokka!
Found 19 stones.
A kobold comes into view. It is wielding a +0 whip.
The kobold shouts!
A kobold is nearby!
A kobold is nearby!
A kobold is nearby!
A kobold comes into view. It is wielding a +0 dagger.
Found 4 boomerangs.
The kobold shouts!
You block the kobold's attack.
You hit the kobold but do no damage. The kobold hits you but does no damage.
You block the kobold's attack.
You hit the kobold.
The kobold is moderately wounded.
You block the kobold's attack. The kobold hits you but does no damage.
You barely miss the kobold.
The kobold is moderately wounded.
The kobold hits you but does no damage. The kobold closely misses you. x2
The kobold hits you but does no damage.
You barely miss the kobold.
The kobold is moderately wounded.
The kobold barely misses you. The kobold hits you but does no damage.
You hit the kobold.
You kill the kobold!
The kobold hits you but does no damage.
You hit the kobold.
You kill the kobold!
Your Short Blades skill increases to level 2!
No target in view!
You see here a +0 dagger.
You see here 4 boomerangs.
j - 4 boomerangs Are you sure you want to abandon this character and quit the game? (Confirm with "yes".)

#.....# #..... #.....#
###... #.....####
...#.
#....)...########.###.
#.....#...............
#...).######.########.
#.......####..........
#.....#......#########
#....@######.## #
###.### #..# ## #.#
##.# ##. #.#
#.######.. #.#
#....#.... #.#
######......... #.#
#....†.###..### #.
#..###### #..# ##†...


There were no monsters in sight!

Vanquished Creatures
  A bat (D:1)
  An endoplasm (D:1)
  2 giant cockroaches (D:1)
  A goblin (D:1)
  A hobgoblin (D:1)
  A quokka (D:1)
  A ball python (D:1)
  2 frilled lizards (D:1)
  2 kobolds (D:1)
  A rat (D:1)
13 creatures vanquished.

Notes
Turn   | Place    | Note
-------+----------+-------------------------------------------
     0 | D:1      | ytrimaz the Demonspawn Fighter began the quest for the Orb.
     0 | D:1      | Reached XP level 1. HP: 18/18 MP: 1/1
     1 | D:1      | Found a runed translucent door.
   204 | D:1      | Gained mutation: You may rarely emit foul miasma when
                  | damaged in melee. [demonic ancestry]
   204 | D:1      | Reached XP level 2. HP: 24/24 MP: 2/2
   268 | D:1      | Quit the game

Illustrated notes

Levels and vault maps discovered:
D:1:      dpeg_arrival_caged_fury, layout_rooms

Skill      XL: |  1  2 |
---------------+-------+-----
Short Blades   | 2 |  2.0
Fighting       | |  3.2
Armour         | |  2.9
Shields        | |  2.9

Action                   || total
-------------------------++-------
Melee: Rapier            ||    36
Armor: Scale mail        ||    17
Dodge: Dodged            ||    12
Block: Buckler           ||     7

Table legend: (Time is in decaauts)
 A = Elapsed time spent in this place.
 B = Non-inter-level travel time spent in this place.
 C = Inter-level travel time spent in this place.
 D = Time resting spent in this place.
 E = Time spent auto-exploring this place.
 F = Levels seen in this place.
 G = Mean time per level.
                   A        B        C        D        E       F      G
               +--------+--------+--------+--------+--------+-----+--------+
         Total |    273 |    273 |      0 |      0 |    163 |   1 |  273.0 |
       Dungeon |    273 |    273 |      0 |      0 |    163 |   1 |  273.0 |
               +--------+--------+--------+--------+--------+-----+--------+

Top non-repeatable levels by time:
     D:1: 273 daAuts
